TOP OF THE 1ST |
Reno Silver Sox batting - Pitching for Mercer Island Screaming Eagles : RHP Zion DeBose
|
Pitching: RHP Zion DeBose
|
|
Batting: LHB Marcos Costa
|
0-0: Ball 1-0: Called Strike 1-1: Foul Ball, location: 2F 1-2: Ground out U3 (Groundball, 3L)
|
Batting: RHB Tumas Wenzu
|
0-0: Fly out, F8 (Line Drive, 8LD)
|
Batting: RHB Daniel Bertrand
|
0-0: Ball 1-0: Fly out, F8 (Flyball, 8RXD)
|
Top of the 1st over - 0 runs, 0 hits, 0 errors, 0 left on base; Reno 0 - Mercer Island 0 |
BOTTOM OF THE 1ST |
Mercer Island Screaming Eagles batting - Pitching for Reno Silver Sox : RHP Charlie Fairthorne
|
Pitching: RHP Charlie Fairthorne
|
|
Batting: RHB Dennis Wacher
|
0-0: Called Strike 0-1: Ground out 6-3 (Groundball, 56)
|
Batting: RHB Alfredo García
|
0-0: Ball 1-0: Called Strike 1-1: Ball 2-1: Ground out 4-3 (Groundball, 4)
|
Batting: RHB Oliver Burrell
|
0-0: Swinging Strike 0-1: Called Strike 0-2: Ball 1-2: Foul Ball, location: 2F 1-2: SINGLE (Line Drive, 6D)
|
Batting: RHB Kenny DeWitt
|
0-0: Called Strike 0-1: Ball 1-1: Foul Ball, location: 2F 1-2: Foul Ball, location: 2F 1-2: Strikes out looking
|
Bottom of the 1st over - 0 runs, 1 hit, 0 errors, 1 left on base; Reno 0 - Mercer Island 0 |
TOP OF THE 2ND |
Reno Silver Sox batting - Pitching for Mercer Island Screaming Eagles : RHP Zion DeBose
|
Batting: LHB Henry Madore
|
0-0: Ball 1-0: Fly out, F8 (Flyball, 78D)
|
Batting: RHB Maik Palen
|
0-0: Called Strike 0-1: Ball 1-1: Called Strike 1-2: Ball 2-2: Foul Ball, location: 2F 2-2: Foul Ball, location: 2F 2-2: Foul Ball, location: 2F 2-2: Strikes out swinging
|
Batting: RHB Jean Lechuga
|
0-0: Called Strike 0-1: Ball 1-1: Swinging Strike 1-2: Foul Ball, location: 2F 1-2: Ground out 5-3 (Groundball, 56)
|
Top of the 2nd over - 0 runs, 0 hits, 0 errors, 0 left on base; Reno 0 - Mercer Island 0 |
BOTTOM OF THE 2ND |
Mercer Island Screaming Eagles batting - Pitching for Reno Silver Sox : RHP Charlie Fairthorne
|
Batting: RHB Pedro Hernández
|
0-0: SINGLE (Line Drive, 7S)
|
Batting: RHB Juan Reyes
|
0-0: Ball Wild Pitch! Pedro Hernández to second 1-0: Ground out 3-1 (Groundball, 34S) Pedro Hernández to third
|
Batting: RHB Terry John
|
0-0: Swinging Strike 0-1: Ball 1-1: Fly out, F8 (Flyball, 8RS) Runner from 3rd tags up, SCORES, no throw
|
Batting: SHB Serious Lee
|
0-0: Ball 1-0: SINGLE (Line Drive, 9LS)
|
Batting: RHB Ryoichi Yoshida
|
0-0: Ball 1-0: Called Strike 1-1: Foul Ball, location: 2F 1-2: Strikes out looking
|
Bottom of the 2nd over - 1 run, 2 hits, 0 errors, 1 left on base; Reno 0 - Mercer Island 1 |
TOP OF THE 3RD |
Reno Silver Sox batting - Pitching for Mercer Island Screaming Eagles : RHP Zion DeBose
|
Batting: LHB Luis Aranda
|
0-0: Ball 1-0: Foul Ball, location: 2F 1-1: Ball 2-1: SOLO HOME RUN (Flyball, 9D), Distance : 370 ft
|
Batting: RHB Armando Romero
|
0-0: Foul Ball, location: 2F 0-1: Swinging Strike 0-2: Foul Ball, location: 2F 0-2: Fly out, F7 (Flyball, 7)
|
Batting: RHB Cody Blackburn
|
0-0: Fly out, F6 (Popup, 4MS)
|
Batting: LHB Marcos Costa
|
0-0: Ball 1-0: Ground out 4-3 (Groundball, 4)
|
Top of the 3rd over - 1 run, 1 hit, 0 errors, 0 left on base; Reno 1 - Mercer Island 1 |
BOTTOM OF THE 3RD |
Mercer Island Screaming Eagles batting - Pitching for Reno Silver Sox : RHP Charlie Fairthorne
|
Batting: RHB Dennis Wacher
|
0-0: Ball 1-0: Foul Ball, location: 2F 1-1: Ball 2-1: Ground out 5-3 (Groundball, 56S)
|
Batting: RHB Alfredo García
|
0-0: Ball 1-0: Ball 2-0: Ground out 6-3 (Groundball, 6)
|
Batting: RHB Oliver Burrell
|
0-0: Ball 1-0: Ball 2-0: Ball 3-0: Called Strike 3-1: Fly out, F9 (Flyball, 9LSF)
|
Bottom of the 3rd over - 0 runs, 0 hits, 0 errors, 0 left on base; Reno 1 - Mercer Island 1 |
TOP OF THE 4TH |
Reno Silver Sox batting - Pitching for Mercer Island Screaming Eagles : RHP Zion DeBose
|
Batting: RHB Tumas Wenzu
|
0-0: Ball 1-0: SOLO HOME RUN (Line Drive, 89XD), Distance : 426 ft
|
Batting: RHB Daniel Bertrand
|
0-0: Called Strike 0-1: Ball 1-1: Foul Ball, location: 2F 1-2: Hit by Pitch, AND HE CHARGES THE MOUND! The benches clear!
|
Pitching: RHP Darby Marshall
|
|
Pinch Runner at 1st Héctor Rivera:
|
|
Batting: LHB Henry Madore
|
0-0: Ball 1-0: Ball 2-0: Swinging Strike 2-1: SINGLE (Line Drive, 89S) Héctor Rivera to second Runner from 2nd tries for 3rd, SAFE, no throw
|
Batting: RHB Maik Palen
|
0-0: Called Strike 0-1: Ball 1-1: Ball 2-1: Called Strike 2-2: SINGLE (Groundball, 6MD) Héctor Rivera scores Henry Madore to second Runner from 2nd tries for 3rd, SAFE, throw made to third
|
Batting: RHB Jean Lechuga
|
0-0: Ball 1-0: Called Strike 1-1: Ball 2-1: Called Strike 2-2: Foul Ball, location: 2F 2-2: Foul Ball, location: 2F 2-2: Ball 3-2: SINGLE (Groundball, 4M) (infield hit) Henry Madore scores Maik Palen to second
|
Batting: LHB Luis Aranda
|
0-0: Foul Ball, location: 2F 0-1: Ball 1-1: Foul Ball, location: 2F 1-2: Ball 2-2: Foul Ball, location: 2F 2-2: Ball 3-2: Strikes out swinging
|
Batting: RHB Armando Romero
|
0-0: Ball 1-0: Ball 2-0: Called Strike 2-1: Swinging Strike 2-2: Ball 3-2: Base on Balls Maik Palen to third Jean Lechuga to second
|
Batting: RHB Cody Blackburn
|
0-0: Called Strike 0-1: Called Strike 0-2: Ball 1-2: Foul Ball, location: 2F 1-2: Foul Ball, location: 2F 1-2: Strikes out looking
|
Batting: LHB Marcos Costa
|
0-0: Called Strike 0-1: Ball 1-1: Called Strike 1-2: Strikes out swinging
|
Top of the 4th over - 3 runs, 4 hits, 0 errors, 3 left on base; Reno 4 - Mercer Island 1 |
BOTTOM OF THE 4TH |
Mercer Island Screaming Eagles batting - Pitching for Reno Silver Sox : RHP Charlie Fairthorne
|
Now in CF: Héctor Rivera
|
|
Batting: RHB Kenny DeWitt
|
0-0: Swinging Strike 0-1: Swinging Strike 0-2: Ball 1-2: Ground out U3 (Groundball, 34S)
|
Batting: RHB Pedro Hernández
|
0-0: Swinging Strike 0-1: Foul Ball, location: 2F 0-2: Ball 1-2: Ground out U3 (Groundball, 34S)
|
Batting: RHB Juan Reyes
|
0-0: Ball 1-0: Ground out 5-3 (Groundball, 56S)
|
Bottom of the 4th over - 0 runs, 0 hits, 0 errors, 0 left on base; Reno 4 - Mercer Island 1 |
TOP OF THE 5TH |
Reno Silver Sox batting - Pitching for Mercer Island Screaming Eagles : RHP Darby Marshall
|
Batting: RHB Tumas Wenzu
|
0-0: Ball 1-0: Ball 2-0: Ball 3-0: Called Strike 3-1: SINGLE (Line Drive, 78S)
|
Batting: RHB Héctor Rivera
|
0-0: Ball 1-0: Foul Ball, location: 2F 1-1: Called Strike 1-2: Strikes out looking
|
Pitching: RHP Raimo Kangas
|
|
Batting: LHB Henry Madore
|
0-0: Ball 1-0: Called Strike 1-1: Called Strike 1-2: Strikes out swinging
|
Batting: RHB Maik Palen
|
0-0: Called Strike 0-1: Ball 1-1: Swinging Strike 1-2: Ball 2-2: Strikes out swinging
|
Top of the 5th over - 0 runs, 1 hit, 0 errors, 1 left on base; Reno 4 - Mercer Island 1 |
BOTTOM OF THE 5TH |
Mercer Island Screaming Eagles batting - Pitching for Reno Silver Sox : RHP Charlie Fairthorne
|
Batting: RHB Terry John
|
0-0: Ball 1-0: Ground out 5-3 (Groundball, 56)
|
Batting: SHB Serious Lee
|
0-0: Ball 1-0: Called Strike 1-1: Ball 2-1: Ball 3-1: Called Strike 3-2: Foul Ball, location: 2F 3-2: SOLO HOME RUN (Flyball, 9LD), Distance : 362 ft
|
Batting: RHB Ryoichi Yoshida
|
0-0: Ball 1-0: Foul Ball, location: 2F 1-1: Fly out, F8 (Line Drive, 78S)
|
Batting: RHB Dennis Wacher
|
0-0: Called Strike 0-1: Fly out, F7 (Flyball, 7S)
|
Bottom of the 5th over - 1 run, 1 hit, 0 errors, 0 left on base; Reno 4 - Mercer Island 2 |
TOP OF THE 6TH |
Reno Silver Sox batting - Pitching for Mercer Island Screaming Eagles : RHP Raimo Kangas
|
Batting: RHB Jean Lechuga
|
0-0: Ball 1-0: Ground out 4-3 (Groundball, 4)
|
Batting: LHB Luis Aranda
|
0-0: Called Strike 0-1: Ground out U3 (Groundball, 3)
|
Batting: RHB Armando Romero
|
0-0: Ball 1-0: Ball 2-0: Swinging Strike 2-1: Called Strike 2-2: Strikes out swinging
|
Top of the 6th over - 0 runs, 0 hits, 0 errors, 0 left on base; Reno 4 - Mercer Island 2 |
BOTTOM OF THE 6TH |
Mercer Island Screaming Eagles batting - Pitching for Reno Silver Sox : RHP Charlie Fairthorne
|
Batting: RHB Alfredo García
|
0-0: Ground out 6-3 (Groundball, 6)
|
Batting: RHB Oliver Burrell
|
0-0: Called Strike 0-1: Foul Ball, location: 2F 0-2: Strikes out swinging
|
Batting: RHB Kenny DeWitt
|
0-0: Swinging Strike 0-1: Foul Ball, location: 2F 0-2: Ball 1-2: Strikes out swinging
|
Bottom of the 6th over - 0 runs, 0 hits, 0 errors, 0 left on base; Reno 4 - Mercer Island 2 |
TOP OF THE 7TH |
Reno Silver Sox batting - Pitching for Mercer Island Screaming Eagles : RHP Raimo Kangas
|
Batting: RHB Cody Blackburn
|
0-0: Ball 1-0: Called Strike 1-1: Ball 2-1: Called Strike 2-2: Strikes out looking
|
Batting: LHB Marcos Costa
|
0-0: Called Strike 0-1: Swinging Strike 0-2: Ball 1-2: Strikes out looking
|
Batting: RHB Tumas Wenzu
|
0-0: Called Strike 0-1: Ball 1-1: Ball 2-1: Ball 3-1: Called Strike 3-2: Base on Balls
|
Batting: RHB Héctor Rivera
|
0-0: Ball 1-0: Called Strike 1-1: Swinging Strike 1-2: Strikes out swinging
|
Top of the 7th over - 0 runs, 0 hits, 0 errors, 1 left on base; Reno 4 - Mercer Island 2 |
BOTTOM OF THE 7TH |
Mercer Island Screaming Eagles batting - Pitching for Reno Silver Sox : RHP Charlie Fairthorne
|
Batting: RHB Pedro Hernández
|
0-0: Called Strike 0-1: Foul Ball, location: 2F 0-2: Foul Ball, location: 2F 0-2: Ball 1-2: Ball 2-2: Strikes out swinging
|
Batting: RHB Juan Reyes
|
0-0: Ball 1-0: Ball 2-0: Ball 3-0: Called Strike 3-1: Fly out, F9 (Flyball, 89D)
|
Batting: RHB Terry John
|
0-0: Fly out, F9 (Line Drive, 9)
|
Bottom of the 7th over - 0 runs, 0 hits, 0 errors, 0 left on base; Reno 4 - Mercer Island 2 |
TOP OF THE 8TH |
Reno Silver Sox batting - Pitching for Mercer Island Screaming Eagles : RHP Raimo Kangas
|
Batting: LHB Henry Madore
|
0-0: Called Strike 0-1: Called Strike 0-2: Foul Ball, location: 2F 0-2: Foul Ball, location: 2F 0-2: Ball 1-2: Ball 2-2: Strikes out looking
|
Batting: RHB Maik Palen
|
0-0: Called Strike 0-1: Ball 1-1: Called Strike 1-2: Ball 2-2: Ball 3-2: SINGLE (Groundball, 34D)
|
Batting: RHB Jean Lechuga
|
0-0: SINGLE (Groundball, 4MD) Maik Palen to second
|
Batting: LHB Luis Aranda
|
0-0: Called Strike 0-1: Foul Ball, location: 2F 0-2: Ball 1-2: Ball 2-2: Foul Ball, location: 2F 2-2: Strikes out looking
|
Batting: RHB Armando Romero
|
0-0: Ball 1-0: Called Strike 1-1: Ball 2-1: Ball 3-1: Base on Balls Maik Palen to third Jean Lechuga to second
|
Batting: RHB Cody Blackburn
|
0-0: Swinging Strike 0-1: Swinging Strike 0-2: Foul Ball, location: 2F 0-2: Ball 1-2: Ball 2-2: SINGLE (Flyball, 7S) Maik Palen scores Jean Lechuga to third Armando Romero to second Runner from 3rd tries for Home, SAFE, throw made home
|
Pitching: LHP Mario López
|
|
Batting: LHB Marcos Costa
|
0-0: Called Strike 0-1: Ball 1-1: Ball 2-1: Swinging Strike 2-2: Fly out, F8 (Line Drive, 8LD)
|
Top of the 8th over - 2 runs, 3 hits, 0 errors, 2 left on base; Reno 6 - Mercer Island 2 |
BOTTOM OF THE 8TH |
Mercer Island Screaming Eagles batting - Pitching for Reno Silver Sox : RHP Charlie Fairthorne
|
Batting: SHB Serious Lee
|
0-0: Called Strike 0-1: Fly out, F6 (Popup, 6MS)
|
Batting: RHB Ryoichi Yoshida
|
0-0: Called Strike 0-1: Foul Ball, location: 2F 0-2: Foul Ball, location: 2F 0-2: Ball 1-2: Ball 2-2: Strikes out swinging, 2-3 out at first.
|
Batting: RHB Dennis Wacher
|
0-0: Foul Ball, location: 2F 0-1: Ball 1-1: Ball 2-1: Fly out, F7 (Line Drive, 7)
|
Bottom of the 8th over - 0 runs, 0 hits, 0 errors, 0 left on base; Reno 6 - Mercer Island 2 |
TOP OF THE 9TH |
Reno Silver Sox batting - Pitching for Mercer Island Screaming Eagles : LHP Mario López
|
Pitching: RHP Jules Goux
|
|
Batting: RHB Tumas Wenzu
|
0-0: Ball 1-0: Swinging Strike 1-1: Ball 2-1: Swinging Strike 2-2: Ball 3-2: SINGLE (Line Drive, 89S)
|
Batting: RHB Héctor Rivera
|
0-0: Foul Ball, location: 2F 0-1: Called Strike 0-2: Strikes out swinging
|
Batting: LHB Henry Madore
|
0-0: Ball 1-0: Called Strike 1-1: Ball 2-1: Swinging Strike 2-2: Strikes out swinging
|
Batting: RHB Maik Palen
|
0-0: Called Strike 0-1: Foul Ball, location: 2F 0-2: Ball Tumas Wenzu steals 2nd base 1-2: Ball 2-2: SINGLE (Line Drive, 9S) Tumas Wenzu to third Runner from 3rd tries for Home, SAFE, no throw
|
Batting: RHB Jean Lechuga
|
0-0: Ball 1-0: Ground out U3 (Groundball, 34S)
|
Top of the 9th over - 1 run, 2 hits, 0 errors, 1 left on base; Reno 7 - Mercer Island 2 |
BOTTOM OF THE 9TH |
Mercer Island Screaming Eagles batting - Pitching for Reno Silver Sox : RHP Charlie Fairthorne
|
Now at C: Elijah Seymour
|
|
Now at 1B: George Albaugh
|
|
Now at 3B: David Meléndez
|
|
Batting: RHB Alfredo García
|
0-0: Fly out, F9 (Flyball, 9)
|
Batting: RHB Oliver Burrell
|
0-0: Ball 1-0: Swinging Strike 1-1: Foul Ball, location: 2F 1-2: Ball 2-2: Foul Ball, location: 2F 2-2: Foul Ball, location: 2F 2-2: Fly out, F8 (Flyball, 8LXD)
|
Batting: RHB Kenny DeWitt
|
0-0: Foul Ball, location: 2F 0-1: Fly out, F6 (Popup, 6)
|
Bottom of the 9th over - 0 runs, 0 hits, 0 errors, 0 left on base; Reno 7 - Mercer Island 2 |
|